[Event "13th Asrian Memorial 2022"]
[Site "Yerevan"]
[Date "2022.06.10"]
[Round "4.2"]
[White "Derbenev Andrey"]
[Black "Davtyan, Artur"]
[Result "1/2-1/2"]
[ECO "E15"]
[WhiteElo "2376"]
[BlackElo "2488"]
[Annotator "TA"]
[PlyCount "142"]
[EventDate "2022.06.07"]
[EventType "swiss"]
[EventCountry "ARM"]
[SourceTitle "playchess.com"]
[Source "ChessBase"]
[SourceQuality "1"]
[TimeControl "40/5400+30:1800+30"]

1. d4 Nf6 2. Nf3 e6 3. c4 b6 4. g3 Ba6 5. b3 c6 6. Bg2 d5 7. Ne5 {[%emt 0:07:52] 7.Nbd2 gains popularity. E15: Queen's Indian: 4 g3 sidelines, 4 g3 Ba6 and 4 g3 Bb7 early deviations.} Nbd7 8. O-O ({Much weaker is} 8. Nxc6 Qc7 9. Ne5 (9. cxd5 Nxd5 10. e4 Qxc6 $17) 9... Nxe5 $17) 8... Nxe5 9. dxe5 {[%emt 0:00:08] The position is equal.} Nd7 10. Bb2 Qc7 11. cxd5 cxd5 {[#]} 12. Nc3 $146 ({Predecessor:} 12. f4 Rc8 13. Nc3 Bb4 14. Rc1 Qc5+ 15. Kh1 Qa5 16. Rf3 Ba3 17. Bxa3 Qxa3 18. Rc2 {0-1 (73) Caletka,R (2357)-Druska,J (2293) Liptovsky Mikulas 2011}) 12... Rd8 ({Less strong is} 12... Qxe5 13. Nxd5 $1 Qxb2 14. Nc7+ Ke7 15. Rb1 $16 (15. Bxa8 Bxe2 16. Qc1 Qxc1 $16) (15. Nxa6 Rd8 $16)) 13. Rc1 (13. Qd4 $14 {is more appropriate.}) 13... Qb8 $1 $11 14. Nxd5 exd5 15. Qxd5 {[%emt 0:00:10] aiming for e6.} Be7 $1 {[%emt 0:02:48] ...0-0 is the strong threat.} (15... Bxe2 $2 16. e6 Be7 17. Bxg7 $18) 16. e6 Nf6 17. exf7+ Kf8 18. Qe6 Qd6 19. Qf5 Kxf7 (19... g6 $2 20. Qf3 Kxf7 21. Rc6 $18) 20. e4 $2 Qd7 21. Qf4 Bxf1 22. Bxf1 Qd2 23. Bc4+ Kf8 24. Qe5 {[%emt 0:00:37][%cal Oe5e6] Threatens to win with Qe6!} Bc5 25. Rf1 Re8 26. Qc7 Qd7 {[%emt 0:00:26] Against Qf7+} 27. Qf4 (27. Qxd7 $142 Nxd7 28. Rd1) 27... Rxe4 $19 28. Qf3 Bd4 (28... Qg4 $19 29. Qg2 Re7) 29. Rd1 $17 Qc6 30. Rxd4 Re1+ 31. Kg2 {[#]} Rg1+ $3 32. Kxg1 Qxf3 33. Rd8+ Ke7 34. Bxf6+ Qxf6 35. Rxh8 {[%emt 0:00:02][%mdl 4096] Endgame [#] KQ-KRB} Qa1+ $1 36. Kg2 Qxa2 37. Rxh7 Kf6 ({Black should try} 37... Qa1 $17 38. Rh5 a5) 38. Rh4 $1 $15 a6 {[%emt 0:01:41][%mdl 1024] Black has compensation.} 39. Rf4+ Ke5 40. h4 (40. Rg4 $5 ) 40... b5 41. Bf7 a5 42. b4 $1 Qa3 43. bxa5 Qxa5 44. Kh2 Qc3 45. Kg2 Qd3 46. Kg1 Kd6 47. Be8 {[%emt 0:02:02] [#]} (47. Kg2 $15) 47... Qb1+ $1 $19 48. Kh2 b4 49. Bf7 b3 50. Bxb3 Qxb3 {[%emt 0:00:04] KQ-KR} 51. Kg2 Ke5 52. Kg1 Qb1+ 53. Kg2 Qd1 54. Rb4 Kd5 55. Rf4 Kc5 56. Rf5+ Kc4 57. Rf4+ (57. Rg5 {might work better.}) 57... Kc3 {[%emt 0:00:27] Hoping for ...Qd5+.} 58. Rf3+ Kc2 {[%emt 0:00:15] And now ...Qd5 would win.} 59. Re3 Qd5+ 60. Kg1 Kd2 61. Re7 g6 62. Re3 Qa2 63. Kg2 Qa8+ 64. Kg1 Qa1+ 65. Kg2 Qc1 66. Re7 Qc6+ 67. Kg1 Qc5 68. Re3 Qc6 69. Re7 $1 Qc1+ 70. Kg2 Qc6+ 71. Kg1 $1 Qc1+ $2 {[%emt 0:00:06] Weighted Error Value: White=0.25 (precise) /Black=0.14 (very precise)} (71... Qf6 $19 72. Re8 Qb6) 1/2-1/2

[Event "13th Asrian Memorial 2022"]
[Site "Yerevan"]
[Date "2022.06.10"]
[Round "4.3"]
[White "Davtyan, Arsen"]
[Black "Hayrapetyan, Hovik"]
[Result "0-1"]
[ECO "B51"]
[WhiteElo "2308"]
[BlackElo "2484"]
[Annotator "TA"]
[PlyCount "110"]
[EventDate "2022.06.07"]
[EventType "swiss"]
[EventCountry "ARM"]
[SourceTitle "playchess.com"]
[Source "ChessBase"]
[SourceQuality "1"]
[TimeControl "40/5400+30:1800+30"]

1. e4 c5 2. Nf3 d6 3. Bb5+ Nd7 4. a4 Ngf6 5. Nc3 a6 6. Be2 {[%emt 0:00:25] B51: Sicilian: Moscow Variation (3 Bb5+) without 3...Bd7.} g6 7. a5 Bg7 8. O-O {[%emt 0:00:14] White is slightly better.} O-O 9. d3 e5 10. Nd2 b5 11. axb6 $1 Nxb6 12. Nc4 {[%emt 0:10:24] [#]} Be6 $146 ({Predecessor:} 12... Rb8 13. Na5 Qc7 14. f4 exf4 15. Bxf4 Nfd7 16. Qd2 Ne5 17. Bh6 Bxh6 18. Qxh6 f5 {0-1 (32) Garifullina,L (2375)-Remizov,Y (2411) Khanty-Mansiysk 2021}) 13. Be3 Qb8 14. Ra3 Rc8 15. Rb3 Nfd7 16. Na4 Rc6 17. Bg4 Bxc4 18. dxc4 Nf6 19. Be2 Ra7 20. Nc3 Rb7 21. Ra3 Na8 22. b3 Nc7 23. h3 Rcb6 24. Qd2 Qc8 25. Raa1 Rb8 26. Rae1 Qb7 27. Bf3 Ne6 28. g3 Nd4 29. Bg2 Re8 (29... Qc8 $142) 30. Bg5 $16 Rc6 31. f4 Nh5 32. Bh4 exf4 33. gxf4 Rcc8 (33... Bf6 $2 34. Bxf6 Nxf6 35. e5 dxe5 36. fxe5 $18 (36. Bxc6 Qxc6 37. Rxe5 Rxe5 $16)) (33... a5 $16) 34. Nd5 $18 Kh8 35. c3 $1 Nc6 (35... Nxb3 {might work better.} 36. Qa2 Rb8) 36. Qc2 $2 (36. Bf3 $18) 36... Rb8 $14 37. Rb1 Qd7 38. Kh2 Bh6 39. Qd2 {[%emt 0:05:02] And now Bf3 would win.} Ne7 $1 40. Bf3 (40. Bf6+ $16 Bg7 41. Bxe7 Rxe7 42. Bf3 (42. Nxe7 Qxe7 43. Kg1 Bh6 $14)) 40... Nxd5 $11 41. Bxh5 Nc7 (41... Bxf4+ $2 42. Rxf4 Nxf4 43. Bf6+ Kg8 44. Qxf4 $18) (41... Nxf4 $11 42. Bg4 f5 43. exf5 gxf5 44. Bf6+ (44. Bd1 $2 Qg7 $19) 44... Bg7 45. Bxf5 Qxf5 46. Bxg7+ Kxg7 47. Qxf4 Qxf4+ 48. Rxf4 a5) 42. Bf3 ({Better is} 42. Bf6+ $14 Bg7 43. Bg4) 42... Ne6 43. Bg3 Rb6 44. Bg4 Qe7 45. Qd3 Bg7 46. e5 {[%emt 0:07:53] [#]} (46. Kh1 $15) 46... dxe5 $1 $17 {[%emt 0:00:59] Hoping for ...f5.} 47. f5 Nf4 48. Bxf4 (48. Qe4 $17) 48... exf4 $19 49. Rfe1 {[%emt 0:01:36] [#]} Be5 $1 50. Re4 $2 (50. fxg6 hxg6 51. Kh1) 50... Rd6 {[%emt 0:01:52] Black is clearly winning.} 51. Qf1 Rd2+ (51... gxf5 $142 52. Bxf5 Qg5) 52. Kh1 h5 53. Bf3 Qh4 {[%emt 0:04:19] Strongly threatening ...Rf2.} 54. Bg2 Rf2 55. Qg1 gxf5 {[%emt 0:01:25] Quite a comeback for Black.  Weighted Error Value: White=0.51/Black=0.16 (very precise)} 0-1

[Event "13th Asrian Memorial 2022"]
[Site "Yerevan"]
[Date "2022.06.10"]
[Round "4.4"]
[White "Petrosian, Tigran L."]
[Black "Melkumyan, Hrant"]
[Result "1/2-1/2"]
[WhiteElo "2553"]
[BlackElo "2655"]
[Annotator "TA"]
[PlyCount "32"]
[EventDate "2022.06.07"]
[EventType "swiss"]
[EventCountry "ARM"]
[SourceTitle "playchess.com"]
[Source "ChessBase"]
[SourceQuality "1"]
[TimeControl "40/5400+30:1800+30"]

1. e4 e5 2. Nf3 Nc6 3. Bb5 Nf6 4. O-O Nxe4 5. Re1 Nd6 6. Nxe5 Be7 7. Bf1 Nxe5 {[%emt 0:01:03] C67: Ruy Lopez: Berlin Defence: 4 0-0 Nxe4.} 8. Rxe5 {[%emt 0:00:13] [#] An uneventful encounter.} {Predecessor:} O-O $146 9. Nc3 Bf6 10. Re1 Re8 11. Nd5 Rxe1 12. Qxe1 b6 13. Nxf6+ Qxf6 14. d3 Bb7 15. Qc3 Qxc3 16. bxc3 Ne8 {½-½ (40) Wang,H (2744)-Anand,V (2751) Stavanger 2022} 1/2-1/2

[Event "13th Asrian Memorial 2022"]
[Site "Yerevan"]
[Date "2022.06.10"]
[Round "4.5"]
[White "Gharibyan, Mamikon"]
[Black "Tabatabaei, M. Amin"]
[Result "0-1"]
[ECO "A25"]
[WhiteElo "2487"]
[BlackElo "2650"]
[Annotator "TA"]
[PlyCount "112"]
[EventDate "2022.06.07"]
[EventType "swiss"]
[EventCountry "ARM"]
[SourceTitle "playchess.com"]
[Source "ChessBase"]
[SourceQuality "1"]
[TimeControl "40/5400+30:1800+30"]

1. c4 e5 2. g3 Nc6 3. Bg2 g6 4. Nc3 Bg7 5. d3 d6 6. Rb1 a5 7. a3 Nge7 8. b4 {[%emt 0:02:56] A25: English Opening vs King's Indian with ...Nc6 but without early d3.} axb4 9. axb4 Nd4 10. e3 {[%emt 0:11:27] The position is equal.} Ne6 11. Nge2 {[%emt 0:04:32] [#]} h5 $146 ({Predecessor:} 11... O-O 12. O-O h5 13. e4 c6 14. Be3 Nd4 15. Rb2 Bg4 16. h3 Be6 17. Bxd4 exd4 {½-½ (48) Lobron,E (2590)-Hracek,Z (2650) Nussloch 1996}) 12. h4 O-O 13. O-O c6 14. b5 d5 15. bxc6 bxc6 16. Qc2 dxc4 17. dxc4 Nc5 {[%emt 0:00:11] Against Na4} 18. Rd1 Bd7 19. Ne4 Nxe4 20. Bxe4 {[%emt 0:00:03] [#] Rb7 is the strong threat.} Qc7 {[%emt 0:00:19] Inhibits Rb7.} 21. Bd2 Rfd8 22. Bb4 Nf5 23. Bc5 {[%emt 0:02:54] And now Bb6 would win.} Be6 24. Rxd8+ Qxd8 (24... Rxd8 $2 25. Bb6 Qe7 26. Bxd8 (26. Bxc6 Rc8 $11) 26... Qxd8 27. Bxc6 $18) 25. Bb6 Qc8 26. Rd1 {[%emt 0:01:43] [#] Prevents Nd6. aiming for Rd8+.} Qa6 27. c5 ({Not} 27. Bxc6 $2 Rc8 28. Nc3 Rxc6 $19) 27... Ne7 28. Nc3 f5 29. Bg2 (29. Bd8 $5 ) 29... e4 30. Bd8 Nd5 31. Nxd5 Bxd5 32. Be7 Qb7 33. Bd6 Ra2 34. Qc1 {[%emt 0:02:05] This move loses the game for White.} (34. Rb1 $17 Rxc2 35. Rxb7) 34... Qb3 $19 35. Bf1 Kh7 36. Qb1 $2 (36. Bf4) 36... Rb2 $2 (36... Qa4 37. Rc1 Bb3) 37. Qc1 Qa2 $40 {[%emt 0:01:15][%mdl 128] Black is out for blood.} 38. Bf4 Rxf2 39. Qb1 Rb2 40. Qxa2 Rxa2 ({But not} 40... Bxa2 41. Rd7 Rb1 42. Be5 $18) 41. Rb1 Bf8 42. Rb7+ Kg8 43. Rb8 Kf7 44. Rb7+ Ke6 45. Bd6 $2 (45. Bg5) 45... Bxd6 {[%emt 0:05:14] Black is clearly winning.} 46. cxd6 Kxd6 {[%emt 0:00:02][%mdl 4096] Endgame KRB-KRB} 47. Rg7 c5 48. Rxg6+ Ke5 {[%emt 0:00:05] White must now prevent ...c4.} 49. Rg7 c4 {[%emt 0:00:25] Hoping for ...c3.} 50. Rc7 Rc2 51. Rc5 Kd6 52. Rc8 Be6 53. Rd8+ Ke5 54. Ra8 c3 {[%emt 0:03:19] ( -> ...Ra2)} 55. Ra5+ Kf6 56. Ra6 Rd2 {[%emt 0:00:58] Weighted Error Value: White=0.57/Black=0.22 (precise)} 0-1

[Event "13th Asrian Memorial 2022"]
[Site "Yerevan"]
[Date "2022.06.10"]
[Round "4.6"]
[White "Mkrtchian Lilit"]
[Black "Ter-Sahakyan, Samvel"]
[Result "0-1"]
[ECO "D02"]
[WhiteElo "2378"]
[BlackElo "2640"]
[Annotator "TA"]
[PlyCount "58"]
[EventDate "2022.06.07"]
[EventType "swiss"]
[EventCountry "ARM"]
[SourceTitle "playchess.com"]
[Source "ChessBase"]
[SourceQuality "1"]
[TimeControl "40/5400+30:1800+30"]

1. d4 Nf6 2. Nf3 d5 3. g3 c5 4. Bg2 cxd4 5. O-O h6 6. b3 {[%emt 0:05:16] D02: 1 d4 d5 2 Nf3 sidelines, including 2...Nf6 3 g3 and 2...Nf6 3 Bf4.} h5 $5 {[%emt 0:00:36][%cal Oh5h4][%mdl 4] [#] Leaves trodden paths.} 7. Bb2 $146 ({Predecessor:} 7. h3 g6 8. Nxd4 h4 9. g4 e5 10. Nb5 a6 11. N5c3 d4 12. g5 Nh7 13. Ne4 Be7 {½-½ (67) Hess,M (2392)-Lokander,M (2475) Germany 2022}) 7... Nc6 8. Nxd4 {[%emt 0:00:42] The position is equal.} h4 $1 9. Nxc6 bxc6 10. Nd2 hxg3 11. hxg3 Bg4 12. Nf3 ({Better is} 12. c4 $1 $14) 12... Qc8 $1 $11 13. Qd3 Bf5 14. Qe3 Bh3 {[%emt 0:07:10] [#] White must now prevent ...Bxg2.} 15. Ng5 (15. Nh4 $1 $11) 15... Bxg2 $17 16. Kxg2 Ng4 17. Qc3 Rh2+ 18. Kg1 {[%emt 0:00:08] [#]} Rh5 $1 $36 {[%emt 0:00:08][%mdl 2048] Black is in control.} 19. f4 {[%emt 0:07:02] Now White is beyond hope.} (19. Nf3 $17) 19... e5 $1 $19 20. Nf3 e4 21. Ne5 Nxe5 {[%emt 0:00:31] Black is clearly winning.} 22. fxe5 a5 {[%emt 0:00:07] ...Bb4 is the strong threat.} 23. a3 {[%emt 0:06:54] Against Bb4} c5 {[%emt 0:05:11] And now ...Qh3 would win.} 24. Qe3 Qh3 25. Kf2 Rf5+ 26. Kg1 d4 27. Qxe4 Qxg3+ 28. Qg2 Qe3+ 29. Rf2 Rg5 {[%emt 0:00:14] Weighted Error Value: White=0.68/Black=0.02 (flawless)} 0-1

[Event "13th Asrian Memorial 2022"]
[Site "Yerevan"]
[Date "2022.06.10"]
[Round "4.7"]
[White "Petrosyan, Manuel"]
[Black "Chaqryan, Erik"]
[Result "1-0"]
[ECO "A26"]
[WhiteElo "2638"]
[BlackElo "2366"]
[Annotator "TA"]
[PlyCount "73"]
[EventDate "2022.06.07"]
[EventType "swiss"]
[EventCountry "ARM"]
[SourceTitle "playchess.com"]
[Source "ChessBase"]
[SourceQuality "1"]
[TimeControl "40/5400+30:1800+30"]

1. c4 Nf6 2. Nc3 e5 3. Nf3 Nc6 4. d3 g6 5. g3 Bg7 6. Bg2 O-O 7. O-O d6 8. Rb1 h6 9. b4 Ne7 10. a4 $5 {[%emt 0:09:15][%cal Ba2a4,Ba4a5,Ba5a6][%mdl 4] Leaves trodden paths.} Be6 11. b5 Qd7 12. a5 $5 {[%emt 0:06:55][%mdl 4] Leaves trodden paths. A26: English Opening vs King's Indian with ...Nc6 and d3.} Bh3 (12... a6 $5 ) 13. e4 {[%emt 0:07:04] [#]} Nh7 $146 ({Predecessor:} 13... Bxg2 14. Kxg2 Nh5 15. Nd5 Nxd5 16. cxd5 f5 17. Nd2 Rf7 18. f3 Nf6 19. a6 b6 {½-½ (38) Gollain,M (2210)-Rene,B (2295) Paris 1991}) 14. a6 {[%emt 0:05:51] White is slightly better.} b6 15. d4 Bxg2 16. Kxg2 exd4 17. Nxd4 c5 18. Nde2 (18. bxc6 $5 Nxc6 19. Nxc6 Qxc6 20. Nd5 $14) 18... f5 19. e5 Rad8 20. exd6 Qxd6 (20... Nc8 $1 $11) 21. Qxd6 $14 Rxd6 22. Bf4 Re6 23. Rfd1 (23. Rbd1 $16) 23... g5 $1 $11 {[%emt 0:00:30] Threatens to win with ...Bxc3.} 24. Bd6 Re8 25. Rbc1 Ng6 26. Bc7 Nf6 ({Much less strong is} 26... Rxe2 27. Nxe2 Rxe2 28. Rd8+ Nhf8 {[#]} 29. Bxb6 $1 axb6 30. a7 $16) 27. Rc2 Rc8 28. Bd8 Ne8 29. Na4 Nh8 (29... Bf6 $11 {remains equal.} 30. Bxf6 Nxf6) 30. Rd7 $16 {[%emt 0:01:41] Nec3 is the strong threat.} Nf7 {[%emt 0:00:12] [#]} 31. Bxb6 {[%emt 0:03:07][%mdl 512] White is more active.} axb6 32. Rb7 Nfd6 $2 {[%emt 0:03:19] This costs Black the game.} (32... Rc7 $2 33. a7 Rxb7 34. a8=Q $18) (32... Ned6 $1 $14 33. Rxb6 (33. Nxb6 Rce8 $15) 33... Re7) 33. Nxb6 $18 Nxb7 $2 (33... Rd8) 34. Nxc8 {[%emt 0:00:06] White is clearly winning.} Nbd6 {[%emt 0:00:32] [#]} 35. b6 $1 Nc7 {[%emt 0:00:15] [#]} 36. a7 Nxc8 (36... Na8 37. Nxd6) 37. b7 {[%emt 0:00:20] Weighted Error Value: White=0.10 (very precise) /Black=0.49} 1-0

[Event "13th Asrian Memorial 2022"]
[Site "Yerevan"]
[Date "2022.06.11"]
[Round "5.1"]
[White "Hayrapetyan, Hovik"]
[Black "Sargsyan, Shant"]
[Result "1/2-1/2"]
[ECO "D38"]
[WhiteElo "2484"]
[BlackElo "2641"]
[Annotator "TA"]
[PlyCount "54"]
[EventDate "2022.06.07"]
[EventType "swiss"]
[EventCountry "ARM"]
[SourceTitle "playchess.com"]
[Source "ChessBase"]
[SourceQuality "1"]
[TimeControl "40/5400+30:1800+30"]

1. d4 Nf6 2. c4 e6 3. Nc3 Bb4 4. Nf3 d5 5. Qa4+ Nc6 6. a3 Bxc3+ 7. bxc3 Bd7 8. cxd5 {[%emt 0:04:30] D38: Queen's Gambit Declined: Ragozin Defence (4 Nf3 Bb4).} exd5 9. Bg5 h6 10. Bxf6 Qxf6 11. e3 {[%emt 0:04:26] [#]} Qg6 $146 ({Predecessor:} 11... O-O 12. Bd3 b6 13. O-O Qd6 14. Qc2 Rac8 15. c4 dxc4 16. Bxc4 Na5 17. Ba6 Rcd8 {1-0 (49) Duda,J (2760)-Giri,A (2772) chess24.com INT 2022}) 12. c4 dxc4 ({Less strong is} 12... Nxd4 13. Qxd7+ Kxd7 14. Ne5+ Ke6 15. Nxg6 Nc2+ 16. Kd2 Nxa1 17. cxd5+ Kxd5 18. e4+ Kd4 19. Nxh8 $16) 13. Qxc4 O-O 14. Rc1 Rad8 15. g3 (15. Qc3 $14) 15... Be6 {[%emt 0:12:10] The position is equal.} (15... Qh5 {is interesting.} 16. Bg2 Bg4 17. Ng1 Rfe8) 16. Qc2 Bf5 17. Qc3 Rfe8 {[%emt 0:11:13] [#] White must now prevent ...Qh5.} 18. Nh4 Qf6 {[%emt 0:01:59][%cal Rc6d4] Threatens to win with ...Nxd4.} 19. Nxf5 Qxf5 20. Bd3 Qh3 {[%emt 0:00:06] ...Nxd4 is the strong threat.} 21. Bf1 Qg4 22. Be2 Qe4 23. O-O Nxd4 24. exd4 {[%emt 0:00:11] [#] Strongly threatening Bf3.} Qxe2 25. Rfe1 Qb5 26. Rxe8+ Qxe8 27. Qxc7 Qd7 {[%emt 0:01:56] Weighted Error Value: White=0.09 (flawless) /Black=0.07 (flawless)} 1/2-1/2

[Event "13th Asrian Memorial 2022"]
[Site "Yerevan"]
[Date "2022.06.11"]
[Round "5.2"]
[White "Tabatabaei, M. Amin"]
[Black "Andriasian, Zaven"]
[Result "1/2-1/2"]
[ECO "D11"]
[WhiteElo "2650"]
[BlackElo "2584"]
[Annotator "TA"]
[PlyCount "221"]
[EventDate "2022.06.07"]
[EventType "swiss"]
[EventCountry "ARM"]
[SourceTitle "playchess.com"]
[Source "ChessBase"]
[SourceQuality "1"]
[TimeControl "40/5400+30:1800+30"]

1. d4 d5 2. c4 c6 3. Nf3 Nf6 4. e3 Bg4 5. h3 Bxf3 6. Qxf3 e6 7. Nc3 Nbd7 8. Bd3 Bb4 9. cxd5 cxd5 10. O-O O-O 11. Bd2 Rc8 12. Rfc1 Nb6 13. Qd1 Qd7 14. Bb5 Qe7 15. a3 Bd6 16. Bd3 a6 17. e4 dxe4 18. Nxe4 Nbd5 19. Qf3 h6 20. g3 Rxc1+ 21. Rxc1 Rd8 22. Kg2 Rb8 23. h4 Qd8 24. Nc5 a5 25. Bb1 b6 26. Nd3 Rc8 27. Re1 Nd7 28. Ne5 N5f6 29. Nc6 Qf8 30. Ba2 h5 31. Bg5 Re8 32. Re2 Ng4 33. d5 (33. Qd3 $16) 33... e5 34. Qf5 Nc5 35. f3 g6 36. Qc2 Nh6 37. b4 axb4 38. axb4 Nd7 39. Bb1 Nf5 40. Qc1 f6 41. Bd2 $1 Qf7 42. Be1 Ra8 43. Ra2 Rxa2+ 44. Bxa2 Qe8 45. Bb1 $1 Kg7 46. Bf2 ({White should try} 46. Bxf5 $16 gxf5 47. Qc2) 46... Ne7 $1 $11 47. Qa3 f5 (47... Nxd5 $2 48. Qd3 $18) 48. Ba2 Nf6 49. Qa7 Qd7 (49... Kf8 $11 {remains equal.}) 50. Bxb6 $16 Qxa7 51. Bxa7 Nexd5 52. b5 Bc7 53. Bb3 Kh6 54. Bc5 g5 $2 {[%emt 0:02:17][%mdl 8192] [#]} (54... Nd7 $14) 55. Ne7 (55. Bf8+ $1 $18 {is the precise move to win.} Kh7 56. hxg5) 55... Nxe7 $16 56. Bxe7 Kg6 57. hxg5 Kxg5 58. Bf7 f4 59. gxf4+ exf4 60. Bxh5 Kf5 61. Bf7 Bb6 (61... Ke5 $16 62. Kh3 Nd5) 62. Ba3 Nd7 63. Bb2 Nc5 64. Bd5 Ne6 65. Be4+ Kg5 66. Be5 Nd4 67. Bc6 Ne6 68. Kf1 Kh4 $2 (68... Nd4 $16 {was called for.} 69. Ke1 Kf5) 69. Kg2 (69. Ke2 $142) 69... Kg5 $1 $18 70. Bd6 Nd4 71. Kf1 ({White should play} 71. Bd7 $18) 71... Ne6 $2 (71... Nf5 $16 {might work better.} 72. Be5 Nd4) 72. Be7+ $2 (72. Ke2 $18 {is more deadly.}) 72... Kf5 $16 73. Bd6 $2 (73. Bd7 $16 Ke5 74. Bxe6 Kxe6 75. Bh4) 73... Kg5 $1 $18 74. Bb8 $2 (74. Ke2 $18) 74... Nd4 75. Ke1 Ne6 $2 (75... Ba5+ $16 76. Kd1 Kf5) 76. Kf1 $2 (76. Bd6 $18 {and White stays clearly on top.}) 76... Nd4 $16 77. Kg2 Ne6 78. Bd6 Nd4 $1 79. Bd7 Nf5 80. Bxf5 Kxf5 81. Bb4 (81. Bb8 $142) 81... Ke6 82. Be1 Ba7 83. Bf2 Bb8 84. Kh3 Kd5 85. Kg4 Kc4 86. b6 Kb5 87. Kf5 Kc6 88. Ke6 Bd6 89. Bh4 Bc5 90. Bd8 Be3 91. Ke5 Bc1 92. Ke4 Bd2 93. Bc7 Be3 94. Kf5 Kb7 95. Ke5 Bc1 96. Ke4 Be3 $1 97. Kd5 Bc1 98. Kc5 Be3+ 99. Kb5 Bf2 100. Kc4 Kc6 101. Kd3 Be3 102. Ke4 Kb7 103. Ke5 Kc6 104. Kf5 Kb7 105. Bxf4 (105. Ke6 {feels hotter.} Bd2 106. Kd7 Be3 107. Ke7) 105... Bxb6 106. Ke6 Kc8 107. Bg5 Bc7 108. Bf6 Bf4 $1 109. Be5 Be3 110. f4 Bxf4 $1 111. Bxf4 1/2-1/2

[Event "13th Asrian Memorial 2022"]
[Site "Yerevan"]
[Date "2022.06.11"]
[Round "5.3"]
[White "Ter-Sahakyan, Samvel"]
[Black "Derbenev Andrey"]
[Result "1-0"]
[ECO "B27"]
[WhiteElo "2640"]
[BlackElo "2376"]
[Annotator "TA"]
[PlyCount "77"]
[EventDate "2022.06.07"]
[EventType "swiss"]
[EventCountry "ARM"]
[SourceTitle "playchess.com"]
[Source "ChessBase"]
[SourceQuality "1"]
[TimeControl "40/5400+30:1800+30"]

1. e4 c5 2. Nf3 g6 3. c3 Bg7 4. d4 cxd4 5. cxd4 d5 6. e5 a6 {[%emt 0:00:05] B27: Sicilian: 2 Nf3, unusual Black 2nd moves.} 7. Nc3 Nc6 8. Qb3 e6 {[%emt 0:00:11] The position is equal.} 9. Bd3 $5 {[%emt 0:09:59][%mdl 4] A promising side line.} f6 $1 10. O-O fxe5 {[%emt 0:00:37] [#]} 11. Nxe5 $146 ({Predecessor:} 11. dxe5 Nge7 12. Bf4 O-O 13. Bg3 Nf5 14. Rfe1 b5 15. Rad1 Nxg3 16. hxg3 Bb7 17. Bb1 {1-0 (35) Palacios Latasa,E (2210)-Calvo Simon,J (2223) Aragon 2018}) 11... Nge7 $1 12. Nxc6 Nxc6 13. Ne2 O-O (13... Nxd4 $2 14. Nxd4 O-O 15. Be3 $18) 14. Be3 Na5 15. Qb4 Rf7 16. Rac1 Bf8 17. Qd2 Qb6 18. h4 Bd7 19. Nf4 Bd6 20. h5 Raf8 (20... gxh5 $14 21. Nxh5 Kh8) 21. Nh3 $1 $16 ({Much weaker is} 21. g3 $6 g5 22. Ne2 h6 $11) 21... Nc4 22. Bxc4 dxc4 23. Bh6 Rc8 24. hxg6 hxg6 25. Qg5 Kh7 {[%emt 0:00:59] [#]} 26. Qh4 $1 $36 {[%emt 0:00:18][%mdl 2048] Ng5+ is the strong threat. White is on the roll.} Kg8 {[%emt 0:01:02] [#]} ({Black should try} 26... Rh8) 27. Qg4 $1 Rf6 28. Rc3 {[%emt 0:07:24] Black must now prevent Rf3.} Be8 {[%emt 0:06:10] This costs Black the game.} (28... Qxb2 $2 29. Rf3 Qe2 30. Qg5 Qxf3 31. gxf3 $18) (28... Qc6 $16) 29. Ng5 {[%emt 0:01:36][%cal Bh3g5,Bg5e4,Be4g3][%mdl 32] Strongly threatening Rh3.} Bf4 $2 (29... Qxb2 $2 30. Ne4 Rf5 31. Nxd6 $18) (29... Rc7 30. Rf3 (30. Nxe6 Rh7 $16) 30... Rxf3 31. Nxf3 Qc6) 30. Ne4 $18 {[%emt 0:00:47][%csl LRf4,LRf6] White is clearly winning.} Rf5 31. Bxf4 Qxd4 32. Be3 Qe5 33. Ng3 Rf8 34. Bd4 Qd5 (34... Rf4 $142 35. Qxg6+ Bxg6 36. Bxe5 Rff8) 35. Re3 Kf7 36. Rf3+ Ke7 37. Rxf8 Kxf8 38. Qf4+ Ke7 39. Rd1 {[%emt 0:01:23] Weighted Error Value: White=0.14 (very precise) /Black=0.23 (precise)} 1-0

[Event "13th Asrian Memorial 2022"]
[Site "Yerevan"]
[Date "2022.06.11"]
[Round "5.4"]
[White "Davtyan, Artur"]
[Black "Petrosyan, Manuel"]
[Result "1/2-1/2"]
[ECO "E35"]
[WhiteElo "2488"]
[BlackElo "2638"]
[Annotator "TA"]
[PlyCount "116"]
[EventDate "2022.06.07"]
[EventType "swiss"]
[EventCountry "ARM"]
[SourceTitle "playchess.com"]
[Source "ChessBase"]
[SourceQuality "1"]
[TimeControl "40/5400+30:1800+30"]

1. d4 Nf6 2. c4 e6 3. Nc3 Bb4 4. Qc2 d5 5. cxd5 exd5 6. Bf4 {[%emt 0:00:21] E35: Nimzo-Indian: Classical: 4...d5 5 cxd5 exd5.} c5 7. dxc5 Nc6 {[%emt 0:02:58] [#] White must now prevent ...Qa5.} 8. e3 O-O 9. Nf3 Qa5 10. Bd3 Qxc5 11. O-O Bxc3 12. bxc3 {[%emt 0:09:43] [#]} h6 $146 ({Predecessor:} 12... Bg4 13. Nd4 Nxd4 14. cxd4 Qxc2 15. Bxc2 Rfc8 16. Rfc1 Rc6 17. Ba4 Rxc1+ 18. Rxc1 Rc8 19. Rxc8+ Bxc8 {½-½ (47) Ding,L (2801)-Anand,V (2757) Kolkata 2019}) 13. h3 Re8 14. Rfc1 Na5 15. Be5 Nd7 16. Bd4 Qc6 17. Re1 {[%emt 0:06:48] [#] And now e4 would win.} Nf6 {[%emt 0:06:38] Inhibits e4.} 18. Nd2 Ne4 {[%emt 0:02:49] The position is equal.} 19. Nb3 Nc4 20. f3 Ng5 21. h4 Ne6 22. e4 dxe4 23. Bxe4 {[%emt 0:12:07] This bishop pair is nice.} Qc7 ({Don't play} 23... Nxd4 24. Bxc6 (24. cxd4 Qa4 $16) 24... Rxe1+ 25. Rxe1 $14) 24. Bd5 Nb6 25. Bxb6 Qxb6+ 26. Qf2 Qxf2+ 27. Kxf2 Rb8 28. Nd4 Bd7 29. Nxe6 Bxe6 30. Bxe6 fxe6 $11 {[%emt 0:01:25][%mdl 4096] Endgame KRR-KRR} 31. Rad1 Re7 32. Rd6 Kf7 33. Ke3 Rc8 34. Kd2 Rc4 35. Rd4 Rec7 36. Rxc4 Rxc4 {[%emt 0:00:02] KR-KR} 37. Rb1 b6 38. Rb4 Rc5 39. a4 Kf6 40. Kd3 g5 41. hxg5+ Rxg5 42. g4 h5 43. gxh5 Rxh5 44. Rc4 Ra5 45. Kc2 Ke5 46. Kb3 Kd6 47. Rd4+ Rd5 48. Rh4 Rf5 49. Rh7 a6 50. Ra7 Kc6 51. Re7 Rf6 52. Kc4 a5 53. Re8 Kc7 54. Re7+ Kd6 55. Rb7 Kc6 56. Re7 Rf4+ 57. Kb3 Kd5 58. Rb7 Ke5 {[%emt 0:01:03] Weighted Error Value: White=0.03 (flawless) /Black=0.02 (flawless)} ({Much less strong is} 58... Rxf3 59. Rxb6 Rf7 60. Rb5+ Ke4 61. Rxa5 $14) 1/2-1/2